 Dungeon Crawl Stone Soup version 0.18-a0-337-g1235303 (webtiles) character file.

414 OOFcanmelsteelbeams the Cutter (level 6, -1/41 HPs)
             Began as a Vampire Enchanter on Nov 28, 2015.
             Slain by a worker ant (5 damage)
             ... on level 4 of the Dungeon.
             The game lasted 00:10:15 (3689 turns).

OOFcanmelsteelbeams the Cutter (Vampire Enchanter)  Turns: 3689, Time: 00:10:15

Health: -1/41      AC:  5    Str:  7    XL:     6   Next: 60%
Magic:  1/9        EV: 12    Int: 24    God:
Gold:   173        SH:  0    Dex: 16    Spells: 3 memorised, 3 levels left

rFire  . . .     SeeInvis +     a - +1 dagger
rCold  . . .     Clarity  .     o - +0 leather armour (curse)
rNeg   + . .     SustAt   .     (no shield)
rPois  .         Gourm    .     m - +0 helmet
rElec  .         Spirit   .     (no cloak)
rCorr  .         Warding  .     g - +0 pair of gloves (curse)
rMut   +         Stasis   .     (no boots)
MR     .....                    s - amulet of resist mutation
Stlth  +++.......               (no ring)
                                t - +6 ring of intelligence

@: lethally poisoned (-1 -> -22), not resistant to hostile enchantments, fairly
stealthy
A: fangs 3, see invisible, unbreathing
a: Bat Form


You were on level 4 of the Dungeon.
You were not thirsty.

You visited 1 branch of the dungeon, and saw 5 of its levels.

You collected 173 gold pieces.


Innate Abilities, Weirdness & Mutations

You have razor-sharp teeth.
You have supernaturally acute eyesight.
You can survive without breathing.


   Skills:
 + Level 7.1 Short Blades
 - Level 2.1 Dodging
 - Level 5.7 Stealth
 - Level 2.0 Spellcasting
 - Level 4.4 Hexes


You had 3 spell levels left.
You knew the following spells:

 Your Spells              Type           Power        Failure   Level  Hunger
y - Ensorcelled Hibernat  Hex/Ice        ##....       12%         2    ##.....
z - Confuse               Hex            ###.....     12%         3    ###....
Z - Corona                Hex            ###....      3%          1    #......

Inventory:

Hand Weapons
 a - a +1 dagger (weapon)
Armour
 b - a +1 robe
 g - a cursed +0 pair of gloves (worn)
 m - a +0 helmet (worn)
 o - a cursed +0 leather armour (worn)
 r - a +0 ring mail
Jewellery
 s - an amulet of resist mutation (around neck)
 t - a +6 ring of intelligence (left hand)
Scrolls
 f - 2 scrolls of noise {unknown}
 i - 8 scrolls of identify {unknown}
 j - a scroll of magic mapping {unknown}
 k - a scroll of teleportation {unknown}
 l - 3 scrolls of amnesia {unknown}
 n - 2 scrolls of enchant armour {unknown}
 p - a scroll of brand weapon {unknown}
 v - a scroll of remove curse {unknown}
 w - a scroll of enchant weapon {unknown}
Potions
 d - 2 potions of curing {@q1}
 e - 2 potions of resistance {unknown}
 h - 2 potions of agility {unknown}
 q - a potion of poison {unknown}
 u - a potion of heal wounds {unknown}
 x - a potion of cure mutation {unknown}
 z - a potion of might {unknown}
Books
 c - a book of Maledictions

   Spells                             Type                      Level
   a - Corona                         Hexes                        1
   b - Ensorcelled Hibernation        Hexes/Ice                    2
   c - Confuse                        Hexes                        3
   d - Tukima's Dance                 Hexes                        3
   e - Dazzling Spray                 Conjuration/Hexes            3

Dungeon Overview and Level Annotations

Branches:
Dungeon (5/15)
 Temple: D:4-7

Altars:
Ashenzari
Vehumet
Yredelemnul

Annotations:
D:5 Pikel

.▒........▒.▒▒▒▒▒...▒....▒.▒
.▒..........▒▒▒▒▒▒▒▒▒.▒▒▒▒.▒
...▒.....▒.....▒........▒▒.▒
▒▒.▒.▒▒..▒.▒▒▒.▒.▒.........▒
▒.▒.▒...▒...▒...▒.▒▒▒..▒▒▒▒
▒.......▒▒▒.▒▒▒▒▒.▒ ▒..▒▒▒
▒▒▒.▒▒▒▒▒▒▒.▒ ▒▒▒.▒▒▒....▒
▒.▒.......▒ ▒.▒.▒....▒.▒
▒.▒▒.▒▒▒▒▒▒ ▒V▒......▒.▒▒▒
▒....▒ ▒B▒▒▒▒>▒.▒...▒ ▒▒▒▒▒▒
▒.▒▒...▒...▒.▒
▒.▒▒.▒▒▒.▒▒▒.▒
▒....▒.......▒
▒▒▒▒▒▒.▒▒.▒▒▒▒ ▒.▒▒.▒ ▒.▒▒.▒
▒.▒▒.▒


You could see a worker ant.


Message History

The worker ant is heavily wounded.
You feel sick. The worker ant closely misses you.
You hit the worker ant. Your bite misses the worker ant.
The worker ant is severely wounded.
You hit the worker ant but do no damage.
The worker ant is severely wounded.
You feel sick. The worker ant barely misses you.
You closely miss the worker ant.
The worker ant is severely wounded.
The worker ant closely misses you.
You hit the worker ant but do no damage.
The worker ant is severely wounded.
You feel sick. The worker ant bites you.
* * * LOW HITPOINT WARNING * * *
You are lethally poisoned!
The worker ant poisons you!
You hit the worker ant but do no damage.
The worker ant is severely wounded.
You closely miss the worker ant.
The worker ant is severely wounded.
* * * LOW HITPOINT WARNING * * *
You feel sick. The worker ant bites you.
* * * LOW HITPOINT WARNING * * *
You are more poisoned.
The worker ant poisons you!
You hit the worker ant.
The worker ant is severely wounded.
* * * LOW HITPOINT WARNING * * *
You feel sick. The worker ant bites you.
You die...

Action                   |  1- 3 |  4- 6 || total
-------------------------+-------+-------++-------
Melee: Dagger            |   141 |   126 ||   267
 Cast: Ensorcelled Hiber |     8 |    13 ||    21
       Confuse           |       |     4 ||     4
  Use: Potion            |    11 |     8 ||    19
 Stab: Sleeping          |    10 |    10 ||    20
       Confused          |       |     2 ||     2

Vault maps used:
D:1:      dpeg_arrival_oval, minmay_misc_feat_five, nicolae_ashenzari_panopticon
D:3:      vehumet_crystals, minmay_misc_feat_rows, dk_yredelemnul_ordeal
D:4:      minmay_misc_feat_more_columns
D:5:      first_bread, uniq_pikel, uniq_menkaure

Notes
Turn   | Place    | Note
--------------------------------------------------------------
     0 | D:1      | OOFcanmelsteelbeams the Vampire Enchanter began the quest for the Orb.
     0 | D:1      | Reached XP level 1. HP: 13/13 MP: 3/3
   360 | D:1      | Found a shattered altar of Ashenzari.
   420 | D:1      | Reached XP level 2. HP: 11/19 MP: 5/5
   494 | D:1      | Reached skill level 2 in Short Blades
   494 | D:1      | Reached skill level 5 in Stealth
   958 | D:2      | Reached XP level 3. HP: 24/24 MP: 6/6
  1072 | D:2      | Learned a level 3 spell: Confuse
  1075 | D:2      | Learned a level 2 spell: Ensorcelled Hibernation
  1415 | D:2      | Reached skill level 3 in Short Blades
  1618 | D:3      | Found a runed door.
  1618 | D:3      | Noticed a human
  1623 | D:3      | Found a basalt altar of Yredelemnul.
  1726 | D:3      | HP: 1/24 [human (9)]
  1836 | D:3      | Killed a human
  1836 | D:3      | Reached skill level 5 in Short Blades
  1836 | D:3      | Reached XP level 4. HP: 13/30 MP: 2/7
  1836 | D:3      | Reached XP level 5. HP: 15/35 MP: 2/8
  2024 | D:3      | Found a radiant altar of Vehumet.
  3132 | D:5      | Entered Level 5 of the Dungeon
  3132 | D:5      | Noticed Pikel
  3132 | D:5      | Noticed a slave
  3132 | D:5      | Noticed a slave
  3132 | D:5      | Noticed a slave
  3134 | D:5      | Noticed a slave
  3287 | D:5      | Reached skill level 6 in Short Blades
  3490 | D:5      | Noticed Menkaure
  3495 | D:5      | Killed Menkaure
  3495 | D:5      | Reached XP level 6. HP: 41/41 MP: 9/9
  3616 | D:5      | Reached skill level 7 in Short Blades
  3689 | D:4      | HP: 4/41 [poisoned by a worker ant]
  3689 | D:4      | Slain by a worker ant

Vanquished Creatures
  A human (D:3)
  Menkaure (D:5)
  An orc priest (D:5)
  A worker ant (D:5)
  A hound skeleton (D:3)
  2 adders (D:2)
  A gnoll (D:4)
  An ooze (D:1)
  A worm (D:3)
  3 giant geckos
  4 orcs
  4 ball pythons
  2 giant cockroaches
  10 hobgoblins
  2 jackals (D:4)
  2 quokkas (D:2)
  7 bats
  3 giant newts
  5 goblins
  A jackal skeleton (D:3)
  3 kobolds
  A kobold zombie (D:3)
  3 rats
60 creatures vanquished.
